 Dungeon Crawl Stone Soup version 0.31-a0-1555-g5715333c33 (webtiles) character file.

Game seed: 17465698130740589434

179 RepoMan the Charlatan (level 5, -1/29 HPs)
             Began as a Deep Elf Wanderer on Jan 3, 2024.
             Slain by an orc wizard
             ... wielding a +0 dagger
              (2 damage)
             ... on level 3 of the Dungeon.
             The game lasted 00:31:05 (3624 turns).

RepoMan the Charlatan (Deep Elf Wanderer)           Turns: 3624, Time: 00:31:06

Health: -1/29      AC:  2    Str:  6    XL:     5   Next: 33%
Magic:  10/10      EV: 18    Int: 19    God:
Gold:   184        SH:  0    Dex: 17    Spells: 5/8 levels left

rFire   . . .        v - +1 dagger (venom)
rCold   . . .        (no shield)
rNeg    . . .        s - +0 robe
rPois   .            (no helmet)
rElec   .            (no cloak)
rCorr   .            (no gloves)
SInv    .            (no boots)
Will    .....        r - amulet of reflection
Stlth   +            a - +5 ring of evasion
HPRegen 0.24/turn    (no ring)
MPRegen 0.12/turn

%: reflection
@: confused
A: no striking features
a: no special abilities


You were on level 3 of the Dungeon.
You visited 1 branch of the dungeon, and saw 3 of its levels.

You collected 184 gold pieces.

Inventory:

Hand Weapons
 d - a +1 dagger of draining
 f - a +2 dagger of freezing
 v - a +1 dagger of venom (weapon)
 w - a +3 dagger of speed
Missiles
 h - 7 stones
 y - 5 poisoned darts
Armour
 b - a +2 scale mail
 s - a +0 robe (worn)
Magical Staves
 t - a staff of earth
Jewellery
 a - a +5 ring of evasion (left hand)
 j - an amulet of magic regeneration
 r - an amulet of reflection (around neck)
Wands
 x - a wand of paralysis (10)
Scrolls
 g - 2 scrolls of teleportation
 i - a scroll of identify {unknown}
 k - a scroll of noise {unknown}
 l - a scroll of revelation {unknown}
 q - a scroll of enchant armour {unknown}
Potions
 c - 3 potions of mutation
 e - a potion of magic {unknown}
 m - a potion of might {unknown}
 n - a potion of lignification {unknown}


   Skills:
 + Level 1.5 Fighting
 + Level 2.2 Short Blades
 - Level 2.4 Axes
 - Level 2.4 Armour
 - Level 2.9 Dodging
 + Level 2.4 Spellcasting
 * Level 2.0 Conjurations
 + Level 1.2 Translocations
 - Level 3.3 Evocations


You had 5 spell levels left.
You knew the following spells:

 Your Spells              Type           Power      Damage    Failure   Level
b - Blink                 Tloc           14%        N/A       14%         2
q - Magic Dart            Conj           36%        1d4       7%          1

Your spell library contained the following spells:

 Spells                   Type           Power      Damage    Failure   Level
 Call Imp                 Summ           4%         N/A       24%         2
 Hailstorm                Conj/Ice       6%         3d5       32%         3
 Summon Ice Beast         Ice/Summ       2%         N/A       43%         3
 Brom's Barrelling Bould  Conj/Erth      6%         2d3       71%         4
 Iskenderun's Battlesphe  Conj           9%         2d6       89%         5
 Fireball                 Conj/Fire      3%         3d4       96%         5
 Conjure Ball Lightning   Conj/Air       3%         3x3d6     100%        6
 Sculpt Simulacrum        Ice/Alch       1%         N/A       100%        6
 Orb of Destruction       Conj           4%         9d5       100%        7


Dungeon Overview and Level Annotations

Branches:
Dungeon (3/15)

Altars:
Wu Jian

Annotations:
D:2 exclusion: downstairs
D:3 1 runed translucent door, Crazy Yiuf, Terence


Message History

The orc priest looks encouraged for a moment.
Something barely misses you.
The orc wizard points at you and mumbles some strange words.
You are more confused.
You hear some strange, mumbled words.
Something tries to affect you, but you resist.
Something hits you.
You hit something but do no damage.
The orc priest looks satisfied for a moment.
The orc wizard hits you with a +0 dagger.
The orc barely misses you. Something barely misses you.
You bump into the rock wall.
The orc wizard barely misses you. The orc misses you.
Something closely misses you.
You bump into the rock wall.
The orc wizard points at you and mumbles some strange words.
The magic dart hits you! The orc barely misses you. Something hits you.
You feel much better. The orc wizard closely misses you.
The orc barely misses you. Something barely misses you.
The orc priest calls down the wrath of Beogh upon you.
Beogh smites you!
Ouch! That really hurt!
The orc wizard points at you and mumbles some strange words.
The magic dart hits you.
The orc priest invokes the aid of Beogh against you.
Beogh smites you!
* * * LOW HITPOINT WARNING * * *
You are too confused!
Okay, then.
You hit the orc but do no damage.
The orc is poisoned.
The orc priest looks encouraged for a moment.
The orc wizard casts a spell at you.
You are more confused.
The orc hits you with a +0 dagger.
* * * LOW HITPOINT WARNING * * *
You are too confused!
You barely miss the orc wizard.
The orc priest calls upon Beogh to heal the orc.
The orc's wounds heal themselves!
The orc wizard closely misses you. The orc barely misses you.
Something hits you.
You die...

#.# #.##..<######........##^.....
#.###.##.### #........##......
#........# #........##....@.
#.####.)###### #........##......
##...........####........##......
#........##....#........##......
#........#####..........########
#........# ##.........#
#........# #@o.......#
#....)...## ##o.......#
#.....[...# #...o.)..## #
#.........#############..## #
##...................o.#..+ #
#.................o.o.#### #
#....................# #
#.................... ##
#########............ #.


You could see an orc priest, an orc wizard and an orc (very poisoned).

Vanquished Creatures
  Jessica (D:3)
  Ijyb (D:3)
  5 adders
  2 dart slugs
  4 orcs (D:3)
  8 endoplasms
  5 giant cockroaches
  8 goblins
  3 hobgoblins
  4 quokkas
  9 ball pythons
  9 bats
  4 frilled lizards
  4 kobolds
  6 rats
73 creatures vanquished.

Notes
Turn   | Place    | Note
-------+----------+-------------------------------------------
     0 | D:1      | RepoMan the Deep Elf Wanderer began the quest for the Orb.
     0 | D:1      | RepoMan set off with the following items: a +0 hand axe, a
                  | +2 scale mail, 2 potions of mutation.
     0 | D:1      | Reached XP level 1. HP: 10/10 MP: 5/5
   110 | D:1      | Found a faded altar of an unknown god.
   163 | D:1      | Reached skill level 1 in Dodging
   265 | D:1      | Reached XP level 2. HP: 12/16 MP: 6/6
   344 | D:1      | Reached skill level 1 in Fighting
   729 | D:1      | Reached XP level 3. HP: 17/20 MP: 7/7
  1183 | D:2      | Reached skill level 1 in Short Blades
  1394 | D:2      | Reached XP level 4. HP: 25/25 MP: 8/8
  1714 | D:2      | Learned a level 1 spell: Magic Dart
  1717 | D:2      | Learned a level 2 spell: Blink
  2272 | D:3      | Noticed Jessica
  2291 | D:3      | Killed Jessica
  2292 | D:3      | Reached skill level 1 in Conjurations
  2312 | D:3      | Noticed Ijyb
  2319 | D:3      | Paralysed by Ijyb for 5 turns
  2337 | D:3      | Paralysed by Ijyb for 2 turns
  2345 | D:3      | Paralysed by Ijyb for 4 turns
  2496 | D:3      | Noticed Terence
  2737 | D:3      | Paralysed by Ijyb for 2 turns
  2744 | D:3      | Killed Ijyb
  2745 | D:3      | Reached skill level 1 in Translocations
  2745 | D:3      | Reached XP level 5. HP: 29/29 MP: 5/10
  3075 | D:3      | Found a runed translucent door.
  3076 | D:3      | Noticed Crazy Yiuf
  3463 | D:3      | Found an ornate altar of the Wu Jian Council.
  3622 | D:3      | HP: 1/29 [orc priest/divine providence (8)]
  3624 | D:3      | Slain by an orc wizard

Illustrated notes

Levels and vault maps discovered:
D:1:      tarquinn_simple_flora_water_a, layout_basic,
          shapermc_ecumenical_altar_mp_highgroup, minmay_box_of_dots
D:2:      layout_loops_corners
D:3:      layout_basic, nicolae_wu_jian_glorious_leap, uniq_crazy_yiuf_cottage,
          uniq_terence, uniq_jessica, uniq_ijyb

Skill      XL: |  1  2  3  4  5 |
---------------+----------------+-----
Dodging        | 1 2 |  2.9
Fighting       | 1 |  1.5
Short Blades   | 1 2 |  2.2
Spellcasting   | 2 |  2.4
Conjurations   | 1 2 |  2.0
Translocations | 1 |  1.2
Axes           | |  2.4
Armour         | |  2.4
Evocations     | |  3.3

Action                     |  1- 3 |  4- 6 || total
---------------------------+-------+-------++-------
  Melee: Hand axe          |    46 |       ||    46
         Dagger            |     7 |    16 ||    23
         Short sword       |    76 |    27 ||   103
         Punch             |     1 |       ||     1
  Throw: Stone             |     7 |       ||     7
         Dart              |       |     3 ||     3
   Cast: Magic Dart        |       |    69 ||    69
         Blink             |       |     2 ||     2
  Evoke: Wand              |       |     1 ||     1
    Use: Scroll            |     1 |     2 ||     3
         Potion            |       |     3 ||     3
   Stab: Sleeping          |       |     1 ||     1
 Armour: Scale mail        |    87 |     3 ||    90
         Skin              |       |    10 ||    10
         Robe              |       |    19 ||    19
  Dodge: Dodged            |    36 |    35 ||    71

Table legend: (Time is in decaauts)
 A = Elapsed time spent in this place.
 B = Non-inter-level travel time spent in this place.
 C = Inter-level travel time spent in this place.
 D = Time resting spent in this place.
 E = Time spent auto-exploring this place.
 F = Levels seen in this place.
 G = Mean time per level.
                   A        B        C        D        E       F      G
               +--------+--------+--------+--------+--------+-----+--------+
         Total |   3631 |   3444 |    187 |    294 |   1346 |   3 | 1210.3 |
       Dungeon |   3631 |   3444 |    187 |    294 |   1346 |   3 | 1210.3 |
               +--------+--------+--------+--------+--------+-----+--------+

Top non-repeatable levels by time:
     D:2: 1447 daAuts
     D:3: 1187 daAuts
     D:1: 996 daAuts
